 Dungeon Crawl Stone Soup version 0.29.0-4-gdea44cf6ec (webtiles) character file.

Game seed: 5411848406388037514

52 qw the Ruffian (level 3, -6/28 HPs)
             Began as a Ghoul Fire Elementalist on Aug 30, 2022.
             Killed from afar by Natasha (10 damage)
             ... with a magic dart
             ... on level 2 of the Dungeon.
             The game lasted 00:01:27 (1923 turns).

qw the Ruffian (Ghoul Fire Elementalist)            Turns: 1923, Time: 00:01:27

Health: -6/28      AC:  2    Str: 13    XL:     3   Next: 85%
Magic:  4/4        EV: 12    Int: 10    God:
Gold:   27         SH:  0    Dex:  9    Spells: 4/5 levels left

rFire   . . .      SeeInvis .     - Unarmed
rCold   + . .      Faith    .   (no shield)
rNeg    + + +      Spirit   .   a - +0 robe
rPois   inf        Reflect  .   (no helmet)
rElec   .          Harm     .   (no cloak)
rCorr   .          Rampage  .   (no gloves)
Will    .....                   (no boots)
Stlth   ++........              (no amulet)
HPRegen 0.00/turn               (no ring)
MPRegen 0.09/turn               (no ring)

@: inhibited regen, slowed, very slow
A: claws 1, cold resistance 1, negative energy resistance 3, inhibited
regeneration, torment resistance 2, devour on kill
a: no special abilities


You were on level 2 of the Dungeon.
You visited 1 branch of the dungeon, and saw 2 of its levels.

You collected 27 gold pieces.


Innate Abilities, Weirdness & Mutations

You are immune to poison.
You have sharp fingernails.
Your flesh is cold resistant. (rC+)
You are immune to negative energy. (rN+++)
You do not regenerate when monsters are visible.
You are immune to unholy pain and torment.
You thrive by killing the living.


   Skills:
 - Level 1.2 Fighting
 - Level 1.7 Dodging
 - Level 2.1 Stealth
 + Level 3.3 Unarmed Combat
 - Level 1.7 Spellcasting
 - Level 0.7 Conjurations
 - Level 2.4 Fire Magic


You had 4 spell levels left.
You knew the following spells:

 Your Spells              Type           Power      Damage    Failure   Level
a - Foxfire               Conj/Fire      16%        2x1d4     17%         1

Your spell library contained the following spells:

 Spells                   Type           Power      Damage    Failure   Level
 Scorch                   Fire           10%        2d6       19%         2
 Conjure Flame            Conj/Fire      4%         6-21      45%         3
 Inner Flame              Hex/Fire       3%         N/A       52%         3
 Flame Wave               Conj/Fire      4%         2d5       86%         4

Inventory:

Armour
 a - a +0 robe (worn)
Scrolls
 b - a scroll of identify
Potions
 c - a potion of haste {unknown}

Dungeon Overview and Level Annotations

Branches:
Dungeon (2/15)

Altars:

Annotations:
D:2 Natasha


Message History

Natasha is moderately wounded.
Natasha barely misses you.
You scratch Natasha.
Natasha is severely wounded.
Natasha drinks a potion.
Natasha is healed!
You completely miss Natasha. Natasha barely misses you.
You scratch Natasha but do no damage. Natasha barely misses you.
You scratch Natasha.
Natasha is lightly wounded.
Natasha claws you!
You scratch Natasha but do no damage.
Natasha is lightly wounded.
Natasha claws you.
You barely miss Natasha.
Natasha is lightly wounded.
Natasha claws you but does no damage.
You barely miss Natasha.
Natasha is lightly wounded.
Natasha closely misses you.
You closely miss Natasha.
Natasha is lightly wounded.
Natasha wildly gestures.
Natasha's front paws start to glow.
Natasha barely misses you.
You scratch Natasha.
Natasha is moderately wounded.
Natasha stares at you and mumbles some strange words.
You feel yourself slow down.
You scratch Natasha.
Natasha is severely wounded.
Natasha mumbles some strange words.
Natasha glows brightly for a moment.
Natasha claws you!
You scratch Natasha.
Natasha is almost dead.
Natasha stares at you and mumbles some strange words.
The magic dart hits you!
You die...

#...>..####.###.# *,*,,,*
##.######........# *,,,*,*
.....# ##.##.###.# *****,*
..##.###...#.# #.# #.#
.............# #.# #.#
..##.###...### #.# #.#
#.##.####.######.# #.#
%................# #.#
.....#.#########@# #.# ...###.#
#h#### #.# #..###.## #....# #.#
........# #.##.# #.#
#..###..****####.##.#########.#
#..# #..,,,,..................#
#..# #.#****####.##.###########
...# #.# #.##.#
..####.#########.##.#


You could see Natasha.

Vanquished Creatures
  An adder (D:2)
  A worm (D:2)
  A dart slug (D:1)
  2 bats (D:1)
  3 endoplasms (D:1)
  3 giant cockroaches
  4 goblins (D:1)
  3 hobgoblins
  3 kobolds (D:1)
  4 quokkas (D:1)
  5 ball pythons
  3 rats (D:1)
33 creatures vanquished.

Notes
Turn   | Place    | Note
-------+----------+-------------------------------------------
     0 | D:1      | qw the Ghoul Fire Elementalist began the quest for the Orb.
     0 | D:1      | Reached XP level 1. HP: 14/14 MP: 2/2
     0 | D:1      | 0 ||| qw: Version: 0.1-a-90-g952f4b7
     0 | D:1      | 0 ||| qw: Game counter: 4296
     0 | D:1      | 0 ||| qw: Always use a shield: true
     0 | D:1      | 0 ||| qw: God list: Okawaru
     0 | D:1      | 0 ||| qw: Allow faded altars: false
     0 | D:1      | 0 ||| qw: Do Orc after D:15 true
     0 | D:1      | 0 ||| qw: Do second Lair branch before Depths: true
     0 | D:1      | 0 ||| qw: Lair rune preference: random
     0 | D:1      | 0 ||| qw: Plans: Normal
     0 | D:1      | 0 ||| PLANNING D:1-11
   126 | D:1      | Reached skill level 1 in Unarmed Combat
   148 | D:1      | Reached skill level 1 in Fighting
   148 | D:1      | Reached XP level 2. HP: 22/23 MP: 3/3
   362 | D:1      | Reached skill level 2 in Unarmed Combat
   437 | D:1      | 437 ||| Stepping ~*~*~tactically~*~*~ (stealth).
   479 | D:1      | Reached XP level 3. HP: 28/28 MP: 4/4
   707 | D:1      | 707 ||| Stepping ~*~*~tactically~*~*~ (stealth).
   711 | D:1      | 711 ||| Stepping ~*~*~tactically~*~*~ (stealth).
   755 | D:1      | You fall into a shaft and drop 1 floor!
   917 | D:2      | 917 ||| Stepping ~*~*~tactically~*~*~ (stealth).
   918 | D:2      | 918 ||| Stepping ~*~*~tactically~*~*~ (stealth).
   920 | D:2      | 920 ||| Stepping ~*~*~tactically~*~*~ (stealth).
   930 | D:2      | Reached skill level 3 in Unarmed Combat
  1110 | D:2      | 1110 ||| READING scroll labelled IROAMUVV UZUA.
  1111 | D:2      | 1111 ||| READING scroll labelled PIC DIESA.
  1112 | D:2      | 1112 ||| DRINKING 2 metallic green potions.
  1113 | D:2      | 1113 ||| DROPPING potion of magic.
  1114 | D:2      | 1114 ||| DROPPING potion of brilliance.
  1308 | D:1      | 1308 ||| Stepping ~*~*~tactically~*~*~ (outnumbered).
  1309 | D:1      | 1309 ||| Stepping ~*~*~tactically~*~*~ (outnumbered).
  1310 | D:1      | 1310 ||| Stepping ~*~*~tactically~*~*~ (outnumbered).
  1311 | D:1      | 1311 ||| Stepping ~*~*~tactically~*~*~ (outnumbered).
  1312 | D:1      | 1312 ||| Stepping ~*~*~tactically~*~*~ (outnumbered).
  1313 | D:1      | 1313 ||| Stepping ~*~*~tactically~*~*~ (outnumbered).
  1314 | D:1      | 1314 ||| Stepping ~*~*~tactically~*~*~ (outnumbered).
  1315 | D:1      | 1315 ||| Stepping ~*~*~tactically~*~*~ (outnumbered).
  1643 | D:1      | 1643 ||| READING scroll labelled HAPSOUPEIPP.
  1910 | D:2      | Noticed Natasha
  1922 | D:2      | HP: 4/28 [Natasha (9)]
  1923 | D:2      | Killed from afar by Natasha

Levels and vault maps discovered:
D:1:      lightli_arrival_noodles, layout_basic, minmay_hedge_maze
D:2:      layout_loops_ring, shapermc_ecumenical_altar_hornbeckon,
          minmay_misc_feat_room, kennysheep_generic_room_8, uniq_natasha

Skill      XL: |  1  2  3 |
---------------+----------+-----
Unarmed Combat | 1 2 3 |  3.3
Fighting       | 1 |  1.2
Dodging        | |  1.7
Stealth        | |  2.1
Spellcasting   | |  1.7
Conjurations   | |  0.7
Fire Magic     | |  2.4

Action                   || total
-------------------------++-------
Melee: Unarmed           ||   134
       Punch             ||     3
  Use: Scroll            ||     3
       Potion            ||     1
Armor: Robe              ||    11
Dodge: Dodged            ||    62

Table legend:
 A = Non-vault XP
 B = Vault XP
 C = Vault XP percentage of total XP
 D = Non-vault monster count
 E = Vault monster count
 F = Vault count percentage of total count
                 A         B        C        D         E       F
            +---------+---------+-------+---------+---------+-------
      Total |      75 |       0 |   0.0 |      33 |       0 |   0.0
            +---------+---------+-------+---------+---------+-------
        D:1 |      48 |       0 |   0.0 |      26 |       0 |   0.0
        D:2 |      27 |       0 |   0.0 |       7 |       0 |   0.0
            +---------+---------+-------+---------+---------+-------
